 Dungeon Sprint DCSS version 0.31-a0-43-g46d131a48f (webtiles) character file.

Game seed: 10174601737795946600

2600000 bmack86 the Portalist (level 17, -18/189 HPs)
             Began as a Troll Warper on May 19, 2023.
             Was a High Priest of Makhleb.
             Demolished by a large bag of meat
             ... wielding a +9 giant spiked club
              (80 damage)
             ... in the Dungeon (Sprint VIII: "Arena of Blood").
             The game lasted 00:01:27 (26 turns).

bmack86 the Portalist (Troll Warper)                  Turns: 26, Time: 00:01:27

Health: -18/189    AC:  4    Str: 29    XL:     17   Next: 18%
Magic:  5/35       EV: 16    Int:  9    God:    Makhleb [*****.]
Gold:   0          SH:  0    Dex:  9    Spells: 46/46 levels left

rFire   . . .        j - +∞ Axe of Woe
rCold   . . .        (shield currently unavailable)
rNeg    . . .        b - +0 robe
rPois   .            (helmet restricted)
rElec   .            (no cloak)
rCorr   .            (gloves unavailable)
SInv    .            (boots unavailable)
Will    +....        (no amulet)
Stlth   +            (no ring)
HPRegen 1.31/turn    (no ring)
MPRegen 0.24/turn

%: no teleportation
@: no status effects
A: large, unfitting armour, claws 3, regeneration 1, shaggy fur 1, tough skin 1
a: Renounce Religion, Minor Destruction, Lesser Servant of Makhleb, Major
Destruction, Greater Servant of Makhleb


You were in the Dungeon.
You worshipped Makhleb.
Makhleb was extremely pleased with you.
You visited 1 branch

Inventory:

Hand Weapons
 a - a +0 hand axe
 j - the +∞ Axe of Woe (weapon)
   (You found it in the Dungeon)
Missiles
 d - 7 boomerangs of dispersal (quivered)
Armour
 b - a +0 robe (worn)
Scrolls
 c - 2 scrolls of blinking
Potions
 e - a potion of curing
 f - a potion of heal wounds
 g - a potion of haste
 h - 2 potions of magic
 i - a potion of berserk rage


   Skills:
 + Level 16.6 Fighting
 + Level 20.8 Axes
 + Level 6.0 Throwing
 + Level 20.9 Dodging
 + Level 15.1 Spellcasting
 + Level 26.0 Translocations


You had 46 spell levels left.
You didn't know any spells.
Your spell library contained the following spells:

 Spells                   Type           Power      Damage    Failure   Level
 Blink                    Tloc           100%       N/A       0%          2
 Lesser Beckoning         Tloc           100%       N/A       0%          2
 Teleport Other           Tloc           52%        N/A       0%          3
 Manifold Assault         Tloc           52%        N/A       0%          4
 Vhi's Electric Charge    Tloc/Air       60%        N/A       1%          3


Dungeon Overview and Level Annotations

Branches:
Dungeon (1/1)

Altars:
Makhleb


Innate Abilities, Weirdness & Mutations

You are too large for most types of armour.
You have claws for hands.
Your natural rate of healing is unusually fast.
You are covered in fur. (AC +1)
You have tough skin. (AC +1)


Message History

Your Translocations skill increases to level 25!
You hear a shout! x9
The bag of meat is engulfed in blazing flames.
The large bag of meat is engulfed in blazing flames.
The large bag of meat hits you with a +9 giant spiked club!!!
The large bag of meat hits you with a +9 giant spiked club!!
Things that are here:
a +9 war axe; a +30 ring of slaying You slice the bag of meat!!
You chop the bag of meat into pieces.
You kill the bag of meat!
Makhleb accepts your kill.
You feel better.
You hit the large bag of meat.
Flame seeps out of the large bag of meat.
You pulverise the large bag of meat into a thin bloody mist.
Makhleb accepts your kill.
You feel better.
The large bag of meat explodes!
The fiery explosion engulfs you!!
You are engulfed in blazing flames.
You hear a shout! x6
A meat berserker comes into view. It is wielding a +9 battleaxe.
You hear a shout! x2
A meat berserker comes into view. It is wielding a +9 battleaxe.
You hear a shout! x2
A meat berserker comes into view. It is wielding a +9 battleaxe.
You hear a shout! x3
Your Axes skill increases to level 20!
Your Throwing skill increases to level 6!
Your Spellcasting skill increases to level 15!
Your Translocations skill increases to level 26!
You have reached level 17!
The large bag of meat appears out of thin air!
A large bag of meat comes into view. It is wielding a +9 giant spiked club.
The large bag of meat shouts in stereo!
You hear a shout! x8
Things that are here:
a +9 war axe; a +30 ring of slaying; a bag of meat corpse You hear two shouts!
You hear a shout! x6
The meat berserker is engulfed in blazing flames.
The meat berserker hits you with a +9 battleaxe!!
The large bag of meat hits you with a +9 giant spiked club!!!!
You die...

..... .. #... .#
. #... ..#
...###... ..###.
........###......
#.O......_......
..... #.....#
......#_)O)_#
......#)@O..#..
#....§§§)_......
.....§§§###......
...###§O.....###.
.. #§§.....#
#o......#
..........
...........
...........


You could see a large bag of meat (inner flame), 2 meat berserkers and a bag of
meat.

Vanquished Creatures
  5 ogres (D)
  2 two-headed ogres (D)
  10 orcs (D)
17 creatures vanquished.

Notes
Turn   | Place    | Note
-------+----------+-------------------------------------------
     0 | D        | Found the +∞ Axe of Woe
     0 | D        | bmack86 the Troll Warper began the quest for the Orb.
     0 | D        | Reached XP level 1. HP: 19/19 MP: 1/1
     3 | D        | Became a worshipper of Makhleb the Destroyer
     3 | D        | Noticed a meat berserker
     4 | D        | Noticed a bag of meat
     4 | D        | Noticed a meat berserker
     5 | D        | Noticed a bag of meat
     5 | D        | Noticed a bag of meat
     6 | D        | Killed a meat berserker
     7 | D        | Reached skill level 15 in Translocations
     7 | D        | Reached XP level 2. HP: 42/42 MP: 1/10
     7 | D        | Reached XP level 3. HP: 49/49 MP: 1/11
     7 | D        | Reached XP level 4. HP: 58/58 MP: 1/13
     7 | D        | Reached XP level 5. HP: 66/66 MP: 1/14
     7 | D        | Reached XP level 6. HP: 74/74 MP: 1/16
     7 | D        | Reached XP level 7. HP: 81/81 MP: 1/17
     7 | D        | Reached XP level 8. HP: 89/89 MP: 1/19
     7 | D        | Reached XP level 9. HP: 97/97 MP: 1/20
     7 | D        | Reached XP level 10. HP: 106/106 MP: 1/21
     7 | D        | Reached XP level 11. HP: 113/113 MP: 1/22
     7 | D        | Killed a meat berserker
     7 | D        | Reached * piety under Makhleb
     7 | D        | Noticed a bag of meat
     8 | D        | Reached skill level 10 in Axes
     8 | D        | Reached skill level 17 in Translocations
     8 | D        | Reached XP level 12. HP: 126/126 MP: 1/24
     8 | D        | Reached XP level 13. HP: 133/133 MP: 1/25
     8 | D        | Noticed a bag of meat
     9 | D        | Killed a bag of meat
     9 | D        | Noticed a bag of meat
    10 | D        | Reached skill level 10 in Fighting
    10 | D        | Reached skill level 10 in Spellcasting
    10 | D        | Reached skill level 18 in Translocations
    11 | D        | Killed a bag of meat
    11 | D        | Noticed a meat berserker
    11 | D        | Noticed a bag of meat
    11 | D        | Noticed a bag of meat
    12 | D        | Reached skill level 19 in Translocations
    12 | D        | Killed a bag of meat
    12 | D        | Reached ** piety under Makhleb
    13 | D        | Reached skill level 15 in Dodging
    13 | D        | Reached XP level 14. HP: 146/146 MP: 2/27
    13 | D        | Killed a bag of meat
    13 | D        | Noticed a meat berserker
    13 | D        | Noticed a meat berserker
    14 | D        | Reached skill level 20 in Translocations
    14 | D        | Killed a bag of meat
    15 | D        | Killed a meat berserker
    15 | D        | Reached *** piety under Makhleb
    15 | D        | Killed a bag of meat
    15 | D        | Noticed a large bag of meat
    16 | D        | Reached skill level 15 in Axes
    16 | D        | Reached skill level 22 in Translocations
    16 | D        | Reached XP level 15. HP: 159/159 MP: 3/30
    17 | D        | Noticed a large bag of meat
    18 | D        | Killed a meat berserker
    18 | D        | Killed a meat berserker
    18 | D        | Reached **** piety under Makhleb
    19 | D        | Reached skill level 23 in Translocations
    19 | D        | Reached XP level 16. HP: 174/174 MP: 3/32
    20 | D        | Reached skill level 15 in Fighting
    20 | D        | Reached skill level 5 in Throwing
    20 | D        | Reached skill level 24 in Translocations
    22 | D        | Killed a large bag of meat
    22 | D        | Reached ***** piety under Makhleb
    23 | D        | Reached skill level 25 in Translocations
    24 | D        | Killed a large bag of meat
    24 | D        | Noticed a meat berserker
    24 | D        | Noticed a meat berserker
    24 | D        | Noticed a meat berserker
    25 | D        | Reached skill level 15 in Spellcasting
    25 | D        | Reached skill level 26 in Translocations
    25 | D        | Reached XP level 17. HP: 89/189 MP: 5/35
    25 | D        | Noticed a large bag of meat
    26 | D        | Demolished by a large bag of meat

Illustrated notes

Levels and vault maps discovered:
D:        meatsprint

Skill      XL: |  1  2  3  4  5  6  7  8  9 10 11 12 13 14 15 16 |
---------------+-------------------------------------------------+-----
Fighting       | 8 9 11 13 14 16 | 16.6
Axes           | 9 10 12 15 17 20 | 20.8
Throwing       | 2 3 4 6 |  6.0
Dodging        | 11 13 15 17 18 20 | 20.9
Spellcasting   | 8 9 10 12 13 15 | 15.1
Translocations | 15 17 19 22 23 26 | 26.0

Action                     |  1- 3 |  4- 6 |  7- 9 | 10-12 | 13-15 | 16-18 || total
---------------------------+-------+-------+-------+-------+-------+-------++-------
  Melee: Executioner's axe |     1 |       |       |     1 |     7 |     3 ||    12
  Dodge: Dodged            |       |       |       |       |     3 |     1 ||     4

Table legend: (Time is in decaauts)
 A = Elapsed time spent in this place.
 B = Non-inter-level travel time spent in this place.
 C = Inter-level travel time spent in this place.
 D = Time resting spent in this place.
 E = Time spent auto-exploring this place.
 F = Levels seen in this place.
 G = Mean time per level.
                   A        B        C        D        E       F      G
               +--------+--------+--------+--------+--------+-----+--------+
         Total |     28 |     28 |      0 |      0 |      0 |   1 |   28.0 |
       Dungeon |     28 |     28 |      0 |      0 |      0 |   1 |   28.0 |
               +--------+--------+--------+--------+--------+-----+--------+

Top non-repeatable levels by time:
       D: 28 daAuts
